 Dungeon Crawl Stone Soup version 0.18.1-1-g2f07953 (webtiles) character file.

4942 st0uf the Blocker (level 10, -16/88 HPs)
             Began as a Minotaur Fighter on May 7, 2016.
             Was an Elder of Okawaru.
             Demolished by a hill giant
             ... wielding a +0 giant club
              (37 damage)
             ... on level 10 of the Dungeon.
             The game lasted 00:32:04 (8720 turns).

st0uf the Blocker (Minotaur Fighter)                Turns: 8720, Time: 00:32:05

Health: -16/88     AC:  9    Str: 21    XL:     10   Next: 28%
Magic:  7/9        EV: 16    Int:  5    God:    Okawaru [****..]
Gold:   433        SH: 14    Dex: 11    Spells: 0 memorised, 9 levels left

rFire  . . .     SeeInvis +     a - +0 long sword
rCold  . . .     Gourm    .     O - +0 ring mail (curse)
rNeg   . . .     Faith    .     c - +1 shield
rPois  .         Spirit   .     (helmet restricted)
rElec  .         Dismiss  .     (no cloak)
rCorr  .         Reflect  .     (no gloves)
SustAt .         Harm     .     J - +0 pair of boots (curse)
MR     .....                    (no amulet)
Stlth  ++........               (no ring)
                                (no ring)

@: heroism, not resistant to hostile enchantments, unstealthy
A: retaliatory headbutt, horns 2, see invisible, clumsy 1
a: Heroism, Renounce Religion


You were on level 10 of the Dungeon.
You worshipped Okawaru.
Okawaru was greatly pleased with you.
You were not hungry.

You visited 1 branch of the dungeon, and saw 10 of its levels.

You collected 433 gold pieces.

Inventory:

Hand Weapons
 a - a +0 long sword (weapon)
Missiles
 s - 347 stones (quivered)
Armour
 b - a +0 scale mail
 c - a +1 shield (worn)
 J - a cursed +0 pair of boots (worn)
 O - a cursed +0 ring mail (worn)
Jewellery
 o - an uncursed amulet of dismissal
 p - an uncursed ring of ice
 y - an uncursed ring of ice
 D - an uncursed ring of fire
 W - an uncursed amulet of harm
Wands
 F - a wand of flame (11/48)
 P - a wand of iceblast (2/15)
 R - a wand of random effects (22/48)
 S - a wand of disintegration (9/24)
 U - a wand of iceblast (9/15)
Scrolls
 e - a scroll of noise
 h - 4 scrolls of recharging
 i - 4 scrolls of remove curse
 l - 2 scrolls of blinking {unknown}
 m - 10 scrolls of identify {unknown}
 r - 4 scrolls of amnesia
 u - a scroll of enchant armour
 B - a scroll of teleportation
 K - a scroll of holy word {unknown}
 T - a scroll of random uselessness {unknown}
Potions
 d - a potion of might
 g - 2 potions of degeneration {unknown}
 j - 3 potions of flight {unknown}
 k - a potion of agility {unknown}
 q - 2 potions of magic {unknown}
 v - a potion of cure mutation {unknown}
 z - 3 potions of brilliance {unknown}
 A - 3 potions of curing {unknown}
 C - 3 potions of heal wounds
 E - a potion of berserk rage {unknown}
 G - 2 potions of resistance {unknown}
 I - a potion of cancellation {unknown}
 L - a potion of haste
 M - a potion of mutation {unknown}
 V - a potion of invisibility {unknown}
 X - a potion of ambrosia {unknown}
Books
 w - a Necronomicon

   Spells                             Type                      Level
   a - Haunt                          Necromancy/Summoning         7
   b - Borgnjor's Revivification      Necromancy                   8
   c - Death's Door                   Charms/Necromancy            8
   d - Necromutation                  Transmutation/Necromancy     8
 H - a Fen Folio

   Spells                             Type                      Level
   a - Corpse Rot                     Necromancy                   2
   b - Stone Arrow                    Conjuration/Earth            3
   c - Leda's Liquefaction            Hexes/Earth                  4
   d - Summon Forest                  Summoning/Translocation      5
   e - Hydra Form                     Transmutation                6
   f - Summon Hydra                   Summoning                    7
Comestibles
 f - 9 bread rations
 n - 5 fruits
 t - a meat ration
 x - a royal jelly
 N - 4 beef jerkies
 Q - 7 slices of pizza
 Y - 11 chunks of flesh


   Skills:
 + Level 8.0(13.0) Fighting
 + Level 8.1(13.1) Long Blades
 + Level 2.1(7.1) Throwing
 + Level 8.3(13.3) Armour
 + Level 7.5(12.5) Dodging
 + Level 1.8(6.8) Stealth
 + Level 9.5(14.5) Shields
 + Level 0.2 Invocations
 + Level 0.1 Evocations


You had 9 spell levels left.
You didn't know any spells.

Dungeon Overview and Level Annotations

Branches:
Dungeon (10/15)
 Temple: D:4-7         Lair: D:8-11         Orc: D:9-12

Altars:
Fedhas
Gozag
Nemelex Xobeh
Okawaru
Ru
Sif Muna
Trog
Xom
Zin
The Shining One

Annotations:
D:5 2 runed doors, Yehuk's ghost, novice GrFi
D:9 dobroeutro's ghost, novice MiFi


Innate Abilities, Weirdness & Mutations

You reflexively headbutt those who attack you in melee.
You have a pair of horns on your head.
You have supernaturally acute eyesight.
You are clumsy. (Dex -2)


Message History

You butcher the orc corpse.
Y - 7 chunks of flesh (gained 4);
Y - 11 chunks of flesh (gained 4)
You see here an orc skeleton.
You start resting.
A hill giant comes into view. It is wielding a giant club.
You gain the combat prowess of a mighty hero.
You feel slightly more hungry.
The hill giant shouts!
The hill giant hits you with a giant club!
You slash the hill giant! Your headbutt misses the hill giant.
The hill giant is lightly wounded.
The hill giant hits you with a giant club!
* * * LOW HITPOINT WARNING * * *
You hit the hill giant.
The hill giant is moderately wounded.
You hit the hill giant but do no damage.
You headbutt the hill giant, but do no damage.
The hill giant is moderately wounded.
The hill giant hits you with a giant club!!!
You die...

#..# #...# #..# #...#
#..# ##...##++## #..#
#..........
#..########..........
#.......รท............
#..#######...........
#..# #.....###### #..#
#..@..# #..# #...C.#
#..# #.....# ##..#
#...### #...# #...#
#...#######...#
#.............#
#...)).........
#....<).[.....


You could see a hill giant.

Vanquished Creatures
  Pikel (D:6)
  A centaur skeleton (D:8)
  A troll (D:9)
  Sigmund (D:6)
  A hog (D:8)
  A human (D:8)
  3 wargs (D:10)
  A water moccasin (D:6)
  Duvessa (D:6)
  2 orc warriors
  4 phantoms
  A black bear (D:7)
  3 sky beasts
  2 slaves (D:6)
  3 ogres
  A centaur (D:8)
  A giant frog (D:6)
  Dowan (D:6)
  A wyvern skeleton (D:9)
  4 scorpions
  4 jellies
  A killer bee (D:9)
  5 howler monkeys
  2 crimson imps
  A giant frog zombie (D:6)
  4 hounds
  2 giant frog skeletons
  3 orc priests
  4 orc wizards
  3 iguanas
  7 worker ants
  3 sheep (D:8)
  A worker ant zombie (D:9)
  A howler monkey zombie (D:6)
  8 adders
  2 shadow imps
  An ooze (D:1)
  An adder skeleton (D:9)
  2 worms (D:2)
  A dart slug (D:1)
  9 giant geckos
  28 orcs
  3 ball pythons
  4 giant cockroaches
  12 goblins
  12 hobgoblins
  7 jackals
  3 quokkas
  12 bats
  3 giant newts
  5 kobolds
  5 rats
193 creatures vanquished.

Notes
Turn   | Place    | Note
--------------------------------------------------------------
     0 | D:1      | st0uf the Minotaur Fighter began the quest for the Orb.
     0 | D:1      | Reached XP level 1. HP: 19/19 MP: 0/0
   318 | D:1      | Reached XP level 2. HP: 27/27 MP: 1/1
   445 | D:1      | Reached skill level 4 in Shields
   566 | D:1      | Reached XP level 3. HP: 32/33 MP: 2/2
  1076 | D:2      | Found a glowing golden altar of the Shining One.
  1256 | D:2      | Reached XP level 4. HP: 31/41 MP: 3/3
  1360 | D:2      | Found an opulent altar of Gozag.
  1604 | D:2      | Found a sparkling altar of Nemelex Xobeh.
  1726 | D:2      | Found a bloodstained altar of Trog.
  1924 | D:3      | Reached skill level 1 in Dodging
  2133 | D:3      | Reached XP level 5. HP: 47/47 MP: 4/4
  2330 | D:3      | Reached skill level 5 in Shields
  2574 | D:4      | Noticed an ogre
  2587 | D:4      | Killed an ogre
  2747 | D:4      | Found a blossoming altar of Fedhas.
  2759 | D:4      | Found a sacrificial altar of Ru.
  2772 | D:4      | Reached XP level 6. HP: 29/55 MP: 5/5
  2934 | D:4      | Reached skill level 5 in Armour
  3286 | D:4      | Reached skill level 5 in Fighting
  3298 | D:4      | Reached XP level 7. HP: 49/61 MP: 6/6
  3333 | D:4      | Found a shimmering altar of Xom.
  3488 | D:5      | Entered Level 5 of the Dungeon
  3579 | D:5      | Reached skill level 5 in Long Blades
  3584 | D:5      | Found a runed door.
  3606 | D:5      | Found a runed door.
  3650 | D:5      | Noticed Yehuk's ghost (novice GrFi)
  3926 | D:5      | Found an iron altar of Okawaru.
  3940 | D:5      | Became a worshipper of Warmaster Okawaru
  4169 | D:5      | Found a deep blue altar of Sif Muna.
  4223 | D:5      | Reached skill level 6 in Shields
  4391 | D:6      | Noticed Duvessa
  4391 | D:6      | Noticed Dowan
  4554 | D:6      | Reached XP level 8. HP: 70/70 MP: 7/7
  4577 | D:6      | Reached * piety under Okawaru
  4584 | D:6      | Noticed Pikel
  4802 | D:6      | Killed Duvessa
  4808 | D:6      | Killed Dowan
  4958 | D:6      | Reached skill level 7 in Shields
  5127 | D:7      | Reached skill level 1 in Stealth
  5150 | D:7      | Reached ** piety under Okawaru
  5157 | D:8      | Found a glowing silver altar of Zin.
  5251 | D:6      | Found a blossoming altar of Fedhas.
  5298 | D:6      | Noticed Sigmund
  5312 | D:6      | Killed Sigmund
  5312 | D:6      | Reached XP level 9. HP: 74/78 MP: 8/8
  5566 | D:6      | Killed Pikel
  5566 | D:6      | Reached skill level 5 in Dodging
  5566 | D:6      | Reached skill level 8 in Shields
  5827 | D:7      | Reached *** piety under Okawaru
  5861 | D:7      | Found a blossoming altar of Fedhas.
  5890 | D:7      | Reached skill level 1 in Throwing
  6681 | D:8      | Reached skill level 9 in Shields
  7516 | D:9      | Reached XP level 10. HP: 62/88 MP: 9/9
  7929 | D:9      | Gained mutation: You have supernaturally acute eyesight. [mutagenic meat]
  7930 | D:9      | Gained mutation: You are clumsy. (Dex -2) [mutagenic meat]
  8085 | D:9      | Noticed dobroeutro's ghost (novice MiFi)
  8092 | D:10     | Entered Level 10 of the Dungeon
  8403 | D:9      | Reached **** piety under Okawaru
  8653 | D:10     | Noticed a hill giant
  8713 | D:10     | Noticed a hill giant
  8720 | D:10     | Demolished by a hill giant

Skill      XL: |  1  2  3  4  5  6  7  8  9 10 |
---------------+-------------------------------+-----
Fighting       | 4 5 6 7 8 |  8.0
Shields        | 4 5 6 7 9 |  9.5
Armour         | 4 5 6 7 8 |  8.3
Long Blades    | 3 4 5 6 7 8 |  8.1
Dodging        | 1 2 3 4 7 |  7.5
Stealth        | 1 |  1.8
Throwing       | 1 2 |  2.1
Invocations    | |  0.2
Evocations     | |  0.1

Action                   |  1- 3 |  4- 6 |  7- 9 | 10-12 || total
-------------------------+-------+-------+-------+-------++-------
Melee: Long sword        |   128 |   172 |   336 |    99 ||   735
       Headbutt          |    15 |    17 |    71 |    26 ||   129
Throw: Stone             |       |       |    45 |       ||    45
Invok: Heroism           |       |       |     2 |     4 ||     6
Evoke: Wand              |       |       |       |     2 ||     2
  Use: Scroll            |       |     6 |       |     1 ||     7
  Eat: Chunk             |     1 |     7 |    14 |     8 ||    30
Armor: Scale mail        |    60 |    53 |    77 |       ||   190
       Ring mail         |       |       |    10 |    15 ||    25
Dodge: Dodged            |    41 |    51 |   129 |    30 ||   251
Block: Shield            |    83 |    81 |   210 |    51 ||   425
